Map: [ESL] Hecate

Players

Harstem

  • Race: Protoss Protoss
  • Spawn Location: 7:00

ArT - Winner!

  • Race: Protoss Protoss
  • Spawn Location: 1:00

Event: ESL SC2 Masters 2023 Winter (Regional)

VOD

Have the link to the VOD?

Description

Time

  • Played on: Nov. 2, 2023, 11:39 a.m.
  • Length: 11:12

All games in this series

Show
View Real Time Build Order
Export as new Build Order

Harstem Protoss 

Build Orders: Oracle Opening 

Get SALT Encoding   

  12  0:00  Probe  
  13  0:12  Probe  
  14  0:16  Pylon  
  14  0:24  Probe  
  15  0:35  Gateway  
  15  0:36  Probe (Chrono Boost)  
  16  0:46  Assimilator, Probe (Chrono Boost)  
  17  0:51  Probe (Chrono Boost)  
  17  0:54  Assimilator  
  18  1:03  Probe (Chrono Boost)  
  19  1:08  Gateway  
  19  1:12  Probe (Chrono Boost)  
  19  1:17  Probe (Chrono Boost)  
  20  1:23  Cybernetics Core  
  21  1:29  Probe  
  22  1:35  Pylon  
  22  1:41  Probe  
  23  1:53  Probe  
  24  1:57  Warp Gate (Chrono Boost)  
  24  2:00  Adept, Stalker  
  28  2:05  Probe  
  29  2:10  Pylon  
  29  2:21  Stargate  
  29  2:29  Stalker  
  30  2:53  Nexus  
  30  3:06  Oracle  
  30  3:11  Shield Battery  
  33  3:20  Robotics Facility  
  33  3:24  Probe  
  32  3:36  Probe  
  32  3:38  Stalker  
  32  3:41  Stalker  
  37  3:46  Pylon  
  38  4:02  Sentry  
  39  4:04  Immortal (Chrono Boost)  
  43  4:13  Probe  
  43  4:14  Probe  
  45  4:20  Stalker  
  47  4:27  Stalker  
  47  4:29  Probe  
  51  4:38  Warp Prism (Chrono Boost)  
  51  4:43  Probe  
  53  4:48  Sentry  
  53  4:51  Adept  
  57  4:55  Probe  
  57  4:58  Pylon  
  59  5:12  Immortal (Chrono Boost)  
  59  5:20  Adept x2  
  66  5:22  Probe  
  67  5:33  Probe  
  67  5:34  Probe  
  66  5:36  Pylon  
  66  5:42  Stalker  
  66  5:45  Probe  
  66  5:46  Stalker  
  66  5:48  Probe  
  64  5:58  Immortal (Chrono Boost)  
  64  6:03  Probe  
  61  6:07  Probe  
  50  6:13  Stalker x2  
  50  6:15  Probe  
  53  6:19  Probe  
  53  6:20  Assimilator  
  54  6:25  Twilight Council  
  54  6:27  Probe  
  54  6:31  Probe  
  52  6:40  Stalker  
  52  6:43  Zealot  
  57  6:47  Gateway  
  57  6:48  Shield Battery  
  57  6:49  Immortal (Chrono Boost)  
  60  6:54  Probe  
  60  6:58  Probe  
  62  7:04  Blink (Chrono Boost)  
  62  7:12  Gateway  
  62  7:14  Pylon  
  62  7:15  Pylon  
  62  7:18  Stalker  
  62  7:21  Stalker  
  66  7:23  Probe x2  
  68  7:35  Nexus  
  68  7:36  Probe  
  69  7:45  Probe  
  69  7:46  Stalker  
  69  7:47  Dark Shrine  
  72  7:55  Stalker  
  72  7:57  Pylon, Probe  
  75  8:02  Stalker  
  75  8:03  Probe  
  78  8:09  Probe  
  78  8:12  Stalker x2  
  82  8:19  Shield Battery  
  82  8:20  Probe  
  82  8:21  Probe  
  82  8:24  Assimilator, Pylon  
  84  8:32  Probe  
  84  8:33  Probe  
  86  8:37  Stalker  
  86  8:41  Observer (Chrono Boost)  
  89  8:44  Probe, Forge  
  89  8:45  Probe  
  89  8:46  Stalker  
  89  8:48  Probe  
  94  8:55  Observer  
  94  8:57  Probe  
  94  9:00  Dark Templar  
  97  9:03  Dark Templar  
  97  9:04  Probe  
  97  9:07  Stalker  
  101  9:11  Stalker  
  103  9:17  Probe  
  103  9:19  Gateway  
  104  9:25  Gateway  
  104  9:26  Probe  
  105  9:31  Dark Templar  
  105  9:36  Dark Templar  
  105  9:45  Stalker x2  
  104  9:46  Photon Cannon  
  104  9:48  Probe  
  103  9:59  Probe  
  104  10:06  Dark Templar  
  104  10:09  Nexus  
  104  10:21  Dark Templar, Zealot x2  
  110  10:32  Pylon  
  109  10:37  Robotics Bay  
  108  10:48  Pylon  
  108  10:50  Probe  
  108  10:53  Robotics Facility  
  106  11:01  Stalker x4  
  106  11:02  Stalker  
Show
View Real Time Build Order
Export as new Build Order

ArT Protoss - Winner!

Build Orders: Phoenix Opening, Blink Stalkers 

Get SALT Encoding   

  12  0:00  Probe  
  13  0:12  Probe  
  14  0:18  Pylon  
  14  0:24  Probe  
  15  0:37  Gateway, Probe (Chrono Boost)  
  16  0:46  Assimilator, Probe (Chrono Boost)  
  17  0:51  Probe  
  17  0:55  Assimilator  
  18  1:03  Probe (Chrono Boost)  
  19  1:08  Gateway  
  19  1:13  Probe (Chrono Boost)  
  19  1:17  Probe (Chrono Boost)  
  20  1:25  Cybernetics Core  
  21  1:29  Probe  
  22  1:34  Pylon  
  22  1:41  Probe  
  23  1:53  Probe  
  24  1:58  Warp Gate (Chrono Boost)  
  24  2:01  Stalker x2  
  28  2:12  Pylon  
  28  2:23  Pylon  
  28  2:32  Stalker x2  
  32  2:54  Nexus  
  32  3:00  Probe  
  32  3:02  Sentry  
  35  3:15  Probe  
  35  3:16  Twilight Council  
  36  3:20  Shield Battery  
  36  3:27  Pylon  
  36  3:28  Probe  
  36  3:33  Phoenix  
  37  3:41  Stalker  
  39  3:45  Probe  
  39  3:47  Blink (Chrono Boost), Stalker  
  42  3:57  Probe  
  43  4:08  Probe  
  43  4:09  Probe  
  45  4:12  Stalker  
  46  4:20  Probe  
  46  4:23  Probe  
  48  4:30  Stalker  
  50  4:33  Shield Battery  
  50  4:34  Probe  
  50  4:36  Probe  
  52  4:41  Stalker  
  54  4:50  Probe x2  
  56  4:55  Stalker  
  56  4:58  Pylon  
  58  5:02  Probe x2  
  58  5:06  Pylon  
  60  5:08  Stalker  
  61  5:15  Probe  
  61  5:16  Probe  
  61  5:20  Stalker  
  61  5:21  Pylon  
  63  5:36  Stalker  
  63  5:37  Probe x2  
  67  5:43  Stalker  
  67  5:49  Gateway  
  67  5:53  Robotics Facility  
  67  6:01  Stalker  
  67  6:02  Probe x2  
  67  6:11  Stalker  
  66  6:16  Probe (Chrono Boost)  
  68  6:20  Assimilator  
  68  6:23  Probe (Chrono Boost)  
  68  6:28  Probe (Chrono Boost)  
  67  6:36  Nexus  
  67  6:37  Charge (Chrono Boost)  
  67  6:39  Stalker x2  
  63  6:41  Observer (Chrono Boost)  
  63  6:42  Probe  
  63  6:43  Probe  
  63  6:46  Pylon  
  66  6:54  Gateway  
  66  6:56  Gateway  
  66  6:57  Gateway  
  66  7:00  Observer (Chrono Boost), Probe x2  
  69  7:03  Gateway  
  69  7:12  Stalker x2  
  69  7:13  Stalker  
  69  7:15  Probe x2  
  77  7:18  Pylon  
  77  7:25  Templar Archives  
  77  7:30  Shield Battery  
  77  7:32  Immortal (Chrono Boost)  
  77  7:36  Zealot  
  83  7:37  Zealot  
  85  7:45  Zealot, Probe  
  85  7:46  Probe  
  89  7:52  Pylon  
  89  7:56  Sentry, Zealot x3  
  97  8:08  Warp Prism (Chrono Boost)  
  99  8:15  Observer  
  99  8:16  Probe x2  
  99  8:18  Pylon  
  101  8:20  Assimilator  
  101  8:21  Probe  
  101  8:23  High Templar x2  
  101  8:24  Zealot x4  
  114  8:28  Archon  
  114  8:29  Zealot  
  114  8:32  Pylon  
  116  8:40  Forge  
  116  8:43  Probe  
  116  8:45  Gateway, Zealot x2  
  116  8:46  Zealot  
  123  8:52  Pylon  
  123  8:55  Probe x2  
  125  9:06  High Templar x2  
  125  9:07  Zealot x5  
  125  9:09  Protoss Ground Weapons Level 1 (Chrono Boost)  
  139  9:12  Archon  
  138  9:17  Pylon  
  138  9:18  Observer  
  139  9:27  Observer  
  139  9:29  Zealot x4  
  144  9:34  Probe  
  144  9:35  Stalker  
  144  9:38  Photon Cannon  
  141  9:46  Stalker  
  141  9:47  Stalker x2  
  141  9:51  Observer  
  142  9:54  Photon Cannon, Probe  
  142  9:55  Probe  
  142  9:59  Probe  
  144  10:13  Photon Cannon  
  144  10:21  Observer  
  144  10:23  Zealot x4  
  144  10:28  Observer  
  153  10:33  Pylon  
  153  10:34  Pylon  
  153  10:36  Probe x2  
  153  10:42  Stalker  
  157  10:52  Stalker x4  
  165  11:02  Zealot x3  
  153  11:10  Stalker  
Tags
 
Add a new tag
Caveats
  • Supply blocks, unpowered buildings, or Contaminate may cause inaccurate times.
  • Supply counts are checked every 10 seconds.